 Dungeon Crawl Stone Soup version 0.21.1-1-g345015fe64 (webtiles) character file.

1207 quik the Archer (level 8, -1/61 HPs)
             Began as a Centaur Hunter on Apr 14, 2018.
             Was a Follower of Ru.
             Killed from afar by a steam dragon (24 damage)
             ... with a ball of steam
             ... on level 7 of the Dungeon.
             The game lasted 00:22:54 (7496 turns).

quik the Archer (Centaur Hunter)                    Turns: 7496, Time: 00:22:55

Health: -1/61      AC:  7    Str: 15    XL:     8   Next: 21%
Magic:  8/8        EV:  9    Int: 10    God:    Ru [*.....]
Gold:   341        SH:  0    Dex: 12    Spells: 7/7 levels left

rFire    . . .     SeeInvis .   a - +1 shortbow
rCold    . . .     Gourm    .   (shield currently unavailable)
rNeg     . . .     Faith    .   c - +0 leather armour
rPois    .         Spirit   .   r - +1 helmet
rElec    .         Reflect  .   h - scarf {cloud immunity}
rCorr    .         Harm     .   m - +0 pair of gloves
MR       .....                  (no barding)
Stlth    +.........             (no amulet)
HPRegen  0.20/turn              F - ring of flight
MPRegen  0.11/turn              (no ring)

@: very quick
A: large, hooves 3, deformed body, speed 2, tough skin 3, hated by all
a: Renounce Religion, Evoke Flight


You were on level 7 of the Dungeon.
You worshipped Ru.
Ru was aware of your devotion.
You were not hungry.

You visited 2 branches of the dungeon, and saw 8 of its levels.

You collected 341 gold pieces.

Inventory:

Hand Weapons
 a - a +1 shortbow (weapon)
 b - a +0 short sword
 v - a -2 short sword
 z - a +3 mace
Missiles
 n - 36 poisoned needles
 p - 4 javelins
 A - 41 arrows (quivered)
 Q - 264 stones
Armour
 c - a +0 leather armour (worn)
 h - a scarf of cloud immunity (worn)
 m - a +0 pair of gloves (worn)
 r - a +1 helmet (worn)
Jewellery
 F - a ring of flight (left hand)
Wands
 d - a wand of disintegration (8)
 C - a wand of polymorph (15)
Scrolls
 e - a scroll of fear
 f - 2 scrolls of fog
 i - 3 scrolls of identify
 s - a scroll of magic mapping {!r}
 t - 2 scrolls of teleportation
 w - 2 scrolls of enchant armour
 y - a scroll of blinking {unknown}
 B - a scroll of amnesia
 E - a scroll of enchant weapon {unknown}
Potions
 g - 3 potions of lignification {!q}
 j - a potion of cancellation
 k - a potion of resistance
 l - a potion of brilliance
 o - a potion of heal wounds
 q - 3 potions of flight
 u - 2 potions of curing
Comestibles
 x - 11 rations
 D - 8 chunks of flesh


   Skills:
 + Level 2.0 Fighting
 + Level 13.3 Bows
 - Level 1.3 Dodging
 - Level 0.4 Stealth


You had 7 spell levels left.
You didn't know any spells.

Dungeon Overview and Level Annotations

Branches:
Dungeon (7/15)             Temple (1/1) D:4

Altars:
Ashenzari
Cheibriados
Dithmenos
Elyvilon
Fedhas
Hepliaklqana
Kikubaaqudgha
Makhleb
Okawaru
Qazlal
Ru
Sif Muna
Trog
Vehumet
Wu Jian
Xom
Yredelemnul
Zin

Annotations:
D:4 TheWayOfAllFlesh's ghost, amateur OpWz


Innate Abilities, Weirdness & Mutations

You have hooves in place of feet.
Armour fits poorly on your strangely shaped body.
You cover ground very quickly.
You have extremely tough skin. (AC +3)
You are hated by all.


Message History

You shoot an arrow.
The arrow barely misses the steam dragon.
Aim: a steam dragon (moderately wounded)
You shoot an arrow.
The arrow closely misses the steam dragon.
The steam dragon barely misses you. The steam dragon claws you.
* * * LOW HITPOINT WARNING * * *
You take 2 damage, and have 23/61 hp.
Aim: a steam dragon (moderately wounded)
You shoot an arrow. The arrow hits the steam dragon!
The steam dragon bites you but does no damage.
The steam dragon closely misses you.
Aim: a steam dragon (severely wounded)
You shoot an arrow.
The arrow hits the steam dragon but does no damage.
Aim: a steam dragon (severely wounded)
You shoot an arrow. The arrow hits the steam dragon.
The steam dragon breathes steam at you. The ball of steam hits you!
You die...

#. #.##
#..######
##...##..
#..>..#.#
#...##.##
##.##..<#
##.#.#.#.#
#@###..#...
..$(5.D##
##.###..#
#.(...#
##.. .##
#..... #.#
# #.... .#
###.# < ##
#


You could see a steam dragon and a shadow imp.

Vault maps used:
D:1:      minmay_arrival_stone_box
D:2:      first_ration
D:4:      nicolae_overflow_crystal_walls, temple_hall_moat
D:5:      kennysheep_mini, lemuel_doored_altar,
          yredelemnul_forgotten_temple_becter, grunt_qazlal_clouds,
          uniq_menkaure
D:6:      grunt_temple_overflow_open, grunt_ministairs_2,
          nicolae_ru_awakened_eye
D:7:      grunt_temple_overflow_opulence, serial_shops, shop
Temple:   jpeg_temple_alley_garden

Notes
Turn   | Place    | Note
-------+----------+-------------------------------------------
     0 | D:1      | quik the Centaur Hunter began the quest for the Orb.
     0 | D:1      | Reached XP level 1. HP: 17/17 MP: 1/1
     0 | D:1      | Identified a +0 short sword
     1 | D:1      | Identified a +1 shortbow
   178 | D:1      | Reached XP level 2. HP: 18/24 MP: 2/2
   267 | D:1      | Reached skill level 6 in Bows
   398 | D:1      | Identified a ring of flight (You found it on level 1 of the Dungeon)
  1030 | D:1      | Reached XP level 3. HP: 25/29 MP: 3/3
  1421 | D:2      | Reached skill level 7 in Bows
  1508 | D:2      | Reached XP level 4. HP: 27/36 MP: 4/4
  1744 | D:2      | Identified a +0 pair of gloves (You found it on level 2 of the Dungeon)
  2046 | D:3      | Identified a +0 helmet (You found it on level 3 of the Dungeon)
  2276 | D:3      | Identified a scarf of cloud immunity (You found it on level 3 of the Dungeon)
  2276 | D:3      | quik: ??scarf of clouds
  2276 | D:3      | beem: I don't have a page labeled scarf_of_clouds in my learndb.
  2276 | D:3      | quik: ??scarf
  2276 | D:3      | beem: scarf[1/1]: An always +0 cloak slot armour with 0 base AC and an ego of {guardian spirit}, {repulsion}, resistance (rF+ rC+) or {cloud immunity}.
  2276 | D:3      | quik: ??cloud immunity
  2276 | D:3      | beem: cloud immunity[1/2]: Granted by Qazlal upon worship and, in 0.20, by the {scarf} ego.
  2325 | D:3      | Reached skill level 8 in Bows
  2585 | D:3      | quik: ??enchanted
  2585 | D:3      | beem: enchanted[1/1]: In 0.16+, a glowing but non-branded item.
  2585 | D:3      | quik: ??glowing
  2585 | D:3      | beem: runed[1/2]: Congratulations, you've found a magic item! Or perhaps a {runed door}?
  2585 | D:3      | quik: ??cursed
  2585 | D:3      | beem: curse[1/3]: Cursed items cannot be removed, unless the curse is broken first by reading a scroll of remove curse. Curses have no other effect.
  2585 | D:3      | quik: ??cursed[2
  2585 | D:3      | beem: recurse[1/1]: Property on some artifacts. The item will sometimes recurse itself upon equipping.
  2585 | D:3      | quik: ??cursed[3
  2585 | D:3      | beem: mummy[1/8]: When destroyed, all mummies cast a death curse. For normal mummies (i.e. 'a mummy'), this could curse items. For other mummies (e.g. 'guardian mummy'), it will be a random {necromancy miscast} effect. Regular mummies are vulnerable to fire damage. In 0.17 and up, regular mummies have no death curse.
  2585 | D:3      | Identified a cursed -2 short sword (You took it off an orc on level 3 of the Dungeon)
  2586 | D:3      | Identified 2 scrolls of teleportation
  2620 | D:3      | Identified 5 scrolls of identify
  2620 | D:3      | Identified a potion of curing
  2621 | D:3      | Identified a potion of brilliance
  2622 | D:3      | Identified a potion of resistance
  2623 | D:3      | Identified a potion of lignification
  2624 | D:3      | Identified a potion of cancellation
  2625 | D:3      | Identified a scroll of enchant armour
  2626 | D:3      | Identified a scroll of amnesia
  2627 | D:3      | Identified a scroll of magic mapping
  2662 | D:3      | Reached XP level 5. HP: 40/41 MP: 5/5
  3189 | D:3      | Reached skill level 9 in Bows
  3392 | D:3      | Identified a potion of flight
  3498 | D:3      | Identified a potion of heal wounds
  3600 | D:4      | Noticed TheWayOfAllFlesh's ghost (amateur OpWz)
  3644 | D:4      | Found a hazy altar of Hepliaklqana.
  3677 | D:4      | Identified a scroll of remove curse
  4027 | D:4      | Noticed a phantom
  4047 | D:4      | Killed a phantom
  4047 | D:4      | Reached XP level 6. HP: 48/48 MP: 6/6
  4140 | D:4      | Reached skill level 10 in Bows
  4611 | D:4      | Found a staircase to the Ecumenical Temple.
  4615 | Temple   | Entered the Ecumenical Temple
  4864 | Temple   | quik: !whichgod ce
  4864 | Temple   | beem: 422 recent wins for ce: 201x Okawaru, 33x The Shining One, 29x Zin, 22x Trog, 18x Fedhas, 14x Gozag, 12x Ru, 10x Qazlal, 10x Ashenzari, 9x Nemelex Xobeh, 8x Dithmenos, 7x Yredelemnul, 7x Xom, 7x Hepliaklqana, 6x Cheibriados, 5x Makhleb, 5x Wu Jian, 5x Lugonu, 3x Uskayaw, 3x Elyvilon, 2x Kikubaaqudgha, 2x Vehumet, 2x Sif Muna, Jiyva,
  4873 | Temple   | Became a worshipper of Ru the Awakened
  4929 | D:5      | Entered Level 5 of the Dungeon
  4933 | D:5      | Noticed Menkaure
  4941 | D:5      | Killed Menkaure
  4941 | D:5      | Reached XP level 7. HP: 27/55 MP: 7/7
  5122 | D:5      | Found a shattered altar of Ashenzari.
  5180 | D:5      | Found a stormy altar of Qazlal.
  5199 | D:5      | Reached skill level 11 in Bows
  5697 | D:5      | Found a basalt altar of Yredelemnul.
  5706 | D:5      | Identified a scroll of fear
  5707 | D:5      | Identified a scroll of noise
  5708 | D:5      | Identified a scroll of fog
  5825 | D:5      | Found a radiant altar of Vehumet.
  6113 | D:6      | Reached skill level 12 in Bows
  6602 | D:6      | Found a sacrificial altar of Ru.
  6705 | D:6      | Found a deep blue altar of Sif Muna.
  6708 | D:6      | Reached XP level 8. HP: 61/61 MP: 8/8
  6710 | D:6      | Found a white marble altar of Elyvilon.
  6713 | D:6      | Found an iron altar of Okawaru.
  6713 | D:6      | Found a snail-covered altar of Cheibriados.
  6726 | D:6      | Gained mutation: You are hated by all. [Ru sacrifice]
  6726 | D:6      | Reached * piety under Ru
  6800 | D:6      | Reached skill level 13 in Bows
  7496 | D:7      | Killed from afar by a steam dragon

Table legend:
 A = Turns spent in this place as a percentage of turns spent in the entire game.
 B = Non-inter-level travel turns spent in this place as a percentage of non-inter-level travel turns spent in the entire game.
 C = Inter-level travel turns spent in this place as a percentage of turns spent in this place.
 D = Turns resting spent in this place as a percentage of non-inter-level travel turns spent in this place.
 E = Turns spent auto-exploring this place as a percentage of non-inter-level travel turns spent in this place.
 F = Non-inter-level travel turns spent in this place divided by the number of levels of this place that you've seen.
                   A       B       C       D       E      F
               +-------+-------+-------+-------+-------+----------------------
         Total | 100.0 | 100.0 |   6.4 |  25.0 |  52.2 | 877.5
       Dungeon |  96.1 |  97.0 |   5.5 |  25.8 |  51.8 | 972.4
        Temple |   3.9 |   3.0 |  26.6 |   0.0 |  67.6 | 213.0
               +-------+-------+-------+-------+-------+----------------------

Table legend:
 A = Kills in this place as a percentage of kills in entire the game.
 B = Kills by you in this place as a percentage of kills by you in the entire game.
 C = Kills by friends in this place as a percentage of kills by friends in the entire game.
 D = Other kills in this place as a percentage of other kills in the entire game.
 E = Experience gained in this place as a percentage of experience gained in the entire game.
 F = Experience gained in this place divided by the number of levels of this place that you have seen.
                   A       B       C       D       E      F
               +-------+-------+-------+-------+-------+----------------------
         Total | 100.0 | 100.0 |   N/A |   N/A | 100.0 | 215.6
       Dungeon | 100.0 | 100.0 |   N/A |   N/A | 100.0 | 246.4
               +-------+-------+-------+-------+-------+----------------------

Skill      XL: |  1  2  3  4  5  6  7  8 |
---------------+-------------------------+-----
Bows           | 6 7 8 9 10 12 13 | 13.3
Fighting       | |  2.0
Dodging        | |  1.3
Stealth        | |  0.4

Action                   |  1- 3 |  4- 6 |  7- 9 || total
-------------------------+-------+-------+-------++-------
Melee: Short sword       |   106 |   179 |    62 ||   347
       Kick              |    22 |    35 |    12 ||    69
       Shortbow          |       |     4 |       ||     4
 Fire: Shortbow          |    16 |    91 |   139 ||   246
Throw: Javelin           |       |     3 |       ||     3
Invok: Sacrifice Love    |       |       |     1 ||     1
  Use: Scroll            |       |    12 |     3 ||    15
  Eat: Chunk             |     1 |     9 |     6 ||    16
Armor: Leather armour    |    40 |   104 |    32 ||   176
Dodge: Dodged            |    64 |   130 |    36 ||   230

Vanquished Creatures
  Menkaure (D:5)
  An orc warrior (D:6)
  An ice beast (D:5)
  A phantom (D:4)
  An ogre (D:6)
  4 wights (D:6)
  A howler monkey (D:5)
  A crimson imp (D:6)
  An orc priest (D:6)
  A hound (D:4)
  A centaur skeleton (D:5)
  An orc wizard (D:3)
  5 worker ants
  4 gnolls (D:6)
  A howler monkey skeleton (D:6)
  10 adders
  An ooze (D:3)
  An adder skeleton (D:4)
  An adder zombie (D:6)
  4 worms
  6 leopard geckos
  13 orcs
  A ball python (D:3)
  3 bats
  5 giant cockroaches
  10 goblins
  6 hobgoblins
  12 jackals
  2 quokkas
  4 frilled lizards
  A giant cockroach zombie (D:6)
  7 kobolds
  8 rats
  A spectral orc (D:5)
121 creatures vanquished.
